AoeStats
← Crazy_Owl

Arabian Desert

509932479Analyzed
1v1 RM · 5d ago on Sep 28, 2026· 41m 38s· 2 players
Game mode
Random Map
Map size
Tiny (2 player)
Population
200
Speed
Normal
Resources
Standard
Victory
Conquest
Starting age
Dark Age
Ending age
Imperial Age
RankedLock teamsTeams togetherTeam positionsShared explorationLock speedFull tech treeHidden civsTurbo modeCheats
Victory
Defeat
🇳🇱 Goths · Netherlands
934
+17
🇨🇴 Shu · Colombia
949
-17
Crazy_Owl
4:12 Loom
10:55 Feudal Age
13:18 Wheelbarrow
16:27 Castle Age
15:05 Horse Collar
16:05 Double-Bit Axe
18:34 Bow Saw
23:48 Heavy Plow
25:22 Stone Mining
25:25 Fletching
25:44 Squires
25:48 Scale Mail Armor
27:43 Hand Cart
29:51 Scale Barding Armor
29:46 Bodkin Arrow
30:07 Chain Mail Armor
37:41 Imperial Age
35:33 Forging
jhgomez13
10:25 Loom
12:10 Feudal Age
21:20 Castle Age
20:53 Fletching
21:14 Forging
22:22 Bodkin Arrow
22:14 Pikeman
23:00 Husbandry
25:36 Scale Mail Armor
25:39 Squires
32:54 Chain Mail Armor
39:56 Imperial Age
Connection lost

Rejoining the realm…

Still unreachable

The connection could not be restored.

Session expired

The server has moved on; the page needs a fresh start.